AoeStats
← iAlejandrouae

MegaRandom

508178471Analyzed
4v4 RM · 10d ago on Sep 21, 2026· 30m 33s· 8 players
Game mode
Random Map
Map size
Large (8 player)
Population
200
Speed
Normal
Resources
Standard
Victory
Conquest
Starting age
Dark Age
Ending age
Imperial Age
RankedLock teamsTeams togetherTeam positionsShared explorationLock speedFull tech treeHidden civsTurbo modeCheats
Victory
Defeat
🇻🇳 Byzantines · Vietnam
1924
+6
🇻🇳 Bohemians · Vietnam
1902
+7
🇻🇳 Tatars · Vietnam
1811
+10
🇦🇷 Burgundians · Argentina
1687
+14
🇺🇦 Chinese · Ukraine
1791
-14
1713
-11
🇦🇷 Persians · Argentina
1584
-6
🇨🇳 Slavs · China
1576
-6
默默默默默
0:27 Loom
2:16 Double-Bit Axe
8:00 Feudal Age
13:13 Wheelbarrow
13:19 Fletching
13:52 Bow Saw
13:26 Horse Collar
19:19 Padded Archer Armor
22:35 Castle Age
21:13 Gold Mining
23:16 Padded Archer Armor
22:47 Crossbowman
25:00 Ballistics
24:41 Padded Archer Armor
24:39 Bodkin Arrow
24:46 Padded Archer Armor
30:51 Imperial Age
29:16 Gold Shaft Mining
Mr.Bean
0:29 Loom
8:16 Feudal Age
9:17 Double-Bit Axe
14:39 Forging
17:29 Wheelbarrow
20:35 Castle Age
18:34 Gold Mining
18:55 Horse Collar
20:37 Scale Barding Armor
21:32 Bow Saw
22:03 Husbandry
23:33 Heavy Plow
23:51 Fervor
26:46 Chain Barding Armor
27:42 Iron Casting
ĐLucky
0:27 Loom
9:56 Feudal Age
14:01 Castle Age
12:34 Double-Bit Axe
14:19 Fletching
15:05 Bodkin Arrow
14:55 Crossbowman
16:28 Horse Collar
18:29 Bow Saw
20:02 Ballistics
21:36 Padded Archer Armor
25:11 Chemistry
26:02 Wheelbarrow
29:35 Heavy Plow
DL-ĐệNhị
0:30 Loom
8:46 Feudal Age
10:18 Double-Bit Axe
10:14 Horse Collar
18:54 Castle Age
17:36 Scale Barding Armor
17:42 Bloodlines
17:43 Gold Mining
18:46 Forging
19:48 Wheelbarrow
20:21 Chain Barding Armor
22:25 Husbandry
26:06 Iron Casting
30:24 Bow Saw
iAlejandrouae
0:29 Loom
9:30 Feudal Age
13:12 Castle Age
11:32 Horse Collar
12:02 Double-Bit Axe
21:26 Town Watch
23:50 Bloodlines
Kinder
0:36 Loom
7:57 Feudal Age
8:37 Double-Bit Axe
13:07 Fletching
18:37 Castle Age
16:35 Horse Collar
18:40 Crossbowman
19:19 Bodkin Arrow
19:54 Bow Saw
22:15 Ballistics
22:27 Padded Archer Armor
种田人口才是基本盘
0:36 Loom
8:48 Feudal Age
10:54 Feudal Age
15:35 Castle Age
14:23 Double-Bit Axe
19:47 Scale Barding Armor
22:52 Horse Collar
歪歪老登
0:31 Loom
10:04 Feudal Age
14:08 Castle Age
14:58 Double-Bit Axe
Connection lost

Rejoining the realm…

Still unreachable

The connection could not be restored.

Session expired

The server has moved on; the page needs a fresh start.